 Dungeon Crawl Stone Soup version 0.22-a0-362-g535178c (webtiles) character file.

79 Amnesiac the Grave Robber (level 4, -4/32 HPs)
             Began as a Mummy Necromancer on Apr 20, 2018.
             Slain by Blork the orc
             ... wielding a +0 trident
              (5 damage)
             ... on level 4 of the Dungeon.
             The game lasted 00:02:13 (944 turns).

Amnesiac the Grave Robber (Mummy Necromancer)        Turns: 944, Time: 00:02:13

Health: -4/32      AC:  2    Str: 11    XL:     4   Next: 17%
Magic:  0/8        EV: 13    Int: 15    God:
Gold:   45         SH:  0    Dex: 12    Spells: 5/9 levels left

rFire    x . .     SeeInvis .   (no weapon)
rCold    + . .     Gourm    .   (no shield)
rNeg     + + +     Faith    .   a - +0 robe
rPois    ∞         Spirit   .   (no helmet)
rElec    .         Reflect  .   (no cloak)
rCorr    .         Harm     .   (no gloves)
MR       .....                  (no boots)
Stlth    ++........             (no amulet)
HPRegen  0.10/turn              (no ring)
MPRegen  0.11/turn              (no ring)

@: very slightly contaminated
A: no food or potions, fire vulnerability, cold resistance 1, negative energy
resistance 3, torment resistance, unbreathing
a: no special abilities


You were on level 4 of the Dungeon.
You were not hungry.

You visited 1 branch of the dungeon, and saw 4 of its levels.

You collected 45 gold pieces.

Inventory:

Missiles
 b - 45 stones (quivered)
Armour
 a - a +0 robe (worn)
Scrolls
 c - a scroll of remove curse {!r}
 f - a scroll of fear {!r}


   Skills:
 + Level 1.5 Fighting
 * Level 2.7 Dodging
 - Level 1.5 Stealth
 - Level 3.0 Spellcasting
 + Level 4.4 Necromancy


You had 5 spell levels left.
You knew the following spells:

 Your Spells              Type           Power        Failure   Level  Hunger
a - Pain                  Necr           ###.         3%          1    N/A
d - Vampiric Draining     Necr           ###.......   10%         3    N/A

Dungeon Overview and Level Annotations

Branches:
Dungeon (4/15)
 Temple: D:4-7

Altars:

Shops:
D:4 ((

Annotations:
D:4 Blork the orc


Innate Abilities, Weirdness & Mutations

You do not eat or drink.
Your flesh is vulnerable to fire.
You are immune to poison.
Your flesh is cold resistant. (rC+)
You are immune to negative energy. (rN+++)
You are immune to unholy pain and torment.
You can survive without breathing.


Message History

Casting: Pain (safe; 3% risk of failure)
Confirm with . or Enter, or press ? or * to list all spells.
Aiming: Pain (safe; 3% risk of failure)
Press: ? - help, Shift-Dir - straight line, f/p - Blork the orc
Aim: Blork the orc, wielding a trident and wearing a robe (heavily wounded, chance to defeat MR: 73%) Blork the orc writhes in agony!
Blork the orc hits you from afar with a trident!
Casting: Pain (safe; 3% risk of failure)
Confirm with . or Enter, or press ? or * to list all spells.
Aiming: Pain (safe; 3% risk of failure)
Press: ? - help, Shift-Dir - straight line, f/p - Blork the orc
Aim: Blork the orc, wielding a trident and wearing a robe (heavily wounded, chance to defeat MR: 73%)
You miscast Pain.
You are very lightly contaminated with residual magic.
Nothing appears to happen.
Blork the orc hits you from afar with a trident.
* * * LOW HITPOINT WARNING * * *
Casting: Pain (safe; 3% risk of failure)
Confirm with . or Enter, or press ? or * to list all spells.
Aiming: Pain (safe; 3% risk of failure)
Press: ? - help, Shift-Dir - straight line, f/p - Blork the orc
Aim: Blork the orc, wielding a trident and wearing a robe (heavily wounded, chance to defeat MR: 73%) Blork the orc writhes in agony!
Blork the orc screams, "I don't like you!"
Blork the orc closely misses you.
Casting: Pain (safe; 3% risk of failure)
Confirm with . or Enter, or press ? or * to list all spells.
Aiming: Pain (safe; 3% risk of failure)
Press: ? - help, Shift-Dir - straight line, f/p - Blork the orc
Aim: Blork the orc, wielding a trident and wearing a robe (heavily wounded, chance to defeat MR: 73%) Blork the orc writhes in agony!
Blork the orc screams, "I'll eat your brain!
And then I'll vomit it back up!"
Blork the orc hits you from afar with a trident.
* * * LOW HITPOINT WARNING * * *
Casting: Pain (safe; 3% risk of failure)
Confirm with . or Enter, or press ? or * to list all spells.
Aiming: Pain (safe; 3% risk of failure)
Press: ? - help, Shift-Dir - straight line, f/p - Blork the orc
Aim: Blork the orc, wielding a trident and wearing a robe (severely wounded, chance to defeat MR: 73%) Blork the orc writhes in agony!
Blork the orc hits you from afar with a trident.
* * * LOW HITPOINT WARNING * * *
Casting: Pain (safe; 3% risk of failure)
Confirm with . or Enter, or press ? or * to list all spells.
Aiming: Pain (safe; 3% risk of failure)
Press: ? - help, Shift-Dir - straight line, f/p - Blork the orc
Aim: Blork the orc, wielding a trident and wearing a robe (almost dead, chance to defeat MR: 73%) Blork the orc struggles to resist.
Blork the orc barely misses you.
Casting: Pain (safe; 3% risk of failure)
Confirm with . or Enter, or press ? or * to list all spells.
You don't have enough magic to cast that spell.
You aren't carrying any items that you can evoke.
Blork the orc mumbles some strange words.
Blork the orc flickers and vanishes!
Casting: Pain (safe; 3% risk of failure)
Confirm with . or Enter, or press ? or * to list all spells.
Aiming: Pain (safe; 3% risk of failure)
Press: ? - help, Shift-Dir - straight line Nothing appears to happen.
Something hits you!
* * * LOW HITPOINT WARNING * * *
Something hits you.
* * * LOW HITPOINT WARNING * * *
You barely miss something. Something hits you.
You die...

#. #. #.
######### #.
#.......#
#######.
#......@#
.##......
#.)....{#
#.........
#.......######.#
#......
#.............#
###...
#.......######.#
#.#. #########
..# #.#. .##
#.#. o# #.#.
.######...


There were no monsters in sight!

Vanquished Creatures
  2 worker ants
  2 adders
  2 bats (D:1)
  2 giant cockroaches
  A goblin (D:3)
  A hobgoblin (D:1)
  2 kobolds (D:1)
  2 frilled lizards (D:1)
  4 rats (D:1)
18 creatures vanquished.

Notes
Turn   | Place    | Note
-------+----------+-------------------------------------------
     0 | D:1      | Amnesiac the Mummy Necromancer began the quest for the Orb.
     0 | D:1      | Reached XP level 1. HP: 13/13 MP: 4/4
   171 | D:1      | Reached XP level 2. HP: 2/20 MP: 0/5
   712 | D:4      | Found Vodokh's Antique Weapon Shoppe.
   715 | D:4      | Found Ukubom's Weapon Emporium.
   727 | D:4      | Reached skill level 1 in Fighting
   727 | D:4      | Reached XP level 3. HP: 20/26 MP: 0/7
   732 | D:4      | Learned a level 3 spell: Vampiric Draining
   773 | D:4      | Noticed Blork the orc
   793 | D:3      | Reached XP level 4. HP: 19/32 MP: 1/8
   943 | D:4      | HP: 1/32 [something (1)]
   944 | D:4      | Slain by Blork the orc

Vault maps used:
D:1:      minmay_arrival_three_doors, nrook_mini_vaults
D:2:      minmay_divided_ellipse
D:3:      minmay_door_path, uniq_robin
D:4:      nicolae_ossuary_entry_false_entrances, serial_shops,
          nicolae_shop_crystal, shop, shop, kennysheep_mini, uniq_blork_the_orc

Skill      XL: |  1  2 |
---------------+-------+-----
Dodging        | 2 |  2.7
Spellcasting   | 3 |  3.0
Fighting       | 1 |  1.5
Stealth        | |  1.5
Necromancy     | |  4.4

Action                   |  1- 3 |  4- 6 || total
-------------------------+-------+-------++-------
Melee: Unarmed           |    15 |     1 ||    16
 Cast: Pain              |    38 |    18 ||    56
  Use: Scroll            |     4 |       ||     4
Armor: Robe              |     6 |       ||     6
Dodge: Dodged            |    34 |     6 ||    40

Table legend:
 A = Spawn XP
 B = Non-spawn XP
 C = Spawn XP percentage of total XP
 D = Spawn monster count
 E = Non-spawn monster count
 F = Spawn count percentage of total count
 G = Total turns spent on level
                    A         B        C        D         E        F      G
               +---------+---------+-------+---------+---------+-------+---------
         Total |       0 |     114 |   0.0 |       0 |      18 |   0.0 |   944
               +---------+---------+-------+---------+---------+-------+---------
           D:1 |       0 |      17 |   0.0 |       0 |      12 |   0.0 |   457
           D:2 |       0 |      13 |   0.0 |       0 |       1 |   0.0 |    18
           D:3 |       0 |      37 |   0.0 |       0 |       3 |   0.0 |   261
           D:4 |       0 |      47 |   0.0 |       0 |       2 |   0.0 |   208
               +---------+---------+-------+---------+---------+-------+---------
